 Dungeon Crawl Stone Soup version 0.24.1-4-ge52af88ad5 (webtiles) character file.

Game seed: 9737444619787842509, levelgen mode: deterministic

104 MajorAdolf the Skirmisher (level 4, 0/44 HPs)
             Began as a Naga Wanderer on Apr 12, 2020.
             Slain by Crazy Yiuf
             ... wielding a +4 quarterstaff of chaos
              (9 damage)
             ... on level 3 of the Dungeon.
             The game lasted 00:05:19 (3086 turns).

MajorAdolf the Skirmisher (Naga Wanderer)           Turns: 3086, Time: 00:05:20

Health: 0/44       AC:  6    Str: 17    XL:     4   Next: 80%
Magic:  4/4        EV:  5    Int:  8    God:
Gold:   113        SH:  0    Dex: 13    Spells: 3/3 levels left

rFire    . . .     SeeInvis +   c - +0 hand axe
rCold    . . .     Gourm    .   (no shield)
rNeg     . . .     Faith    .   r - +0 chain mail
rPois    +         Spirit   .   (helmet restricted)
rElec    .         Reflect  .   (no cloak)
rCorr    .         Harm     .   (no gloves)
MR       .....                  (no barding)
Stlth    ..........             (no amulet)
HPRegen  0.14/turn              j - ring of flight
MPRegen  0.09/turn              (no ring)

@: very slow
A: large, antennae 1, see invisible, deformed body, dopey 1, poison resistance,
slowness 2, slow metabolism 1, spit poison 1, strong 1, AC +1
a: Spit Poison, Evoke Flight


You were on level 3 of the Dungeon.
You were very hungry.

You visited 1 branch of the dungeon, and saw 3 of its levels.

You collected 113 gold pieces.

Inventory:

Hand Weapons
 c - a +0 hand axe (weapon)
Armour
 r - a +0 chain mail (worn)
Jewellery
 j - a ring of flight (left hand)
Scrolls
 a - a scroll of magic mapping {unknown}
 b - 2 scrolls of identify
 d - a scroll of random uselessness {unknown}
 e - a scroll of fear {unknown}
 i - 4 scrolls of immolation {unknown}
 m - a scroll of remove curse {unknown}
 o - a scroll of noise {unknown}
 s - a scroll of blinking {unknown}
Potions
 h - 2 potions of haste {unknown}
 k - a potion of degeneration
 l - a potion of curing {unknown}
 n - a potion of brilliance {unknown}
 q - a potion of heal wounds {unknown}
 t - a potion of flight {unknown}
Comestibles
 f - 7 rations


   Skills:
 - Level 4.0 Fighting
 + Level 1.7 Axes
   Level 2.6 Crossbows
 - Level 1.0 Throwing
 - Level 3.0 Armour
 - Level 1.0 Dodging
 - Level 1.0 Evocations


You had 3 spell levels left.
You didn't know any spells.
Your spell library was empty.

Dungeon Overview and Level Annotations

Branches:
Dungeon (3/15)

Altars:

Annotations:
D:3 Crazy Yiuf


Innate Abilities, Weirdness & Mutations

You cannot wear boots.
Your serpentine skin is tough. (AC +1)
You have supernaturally acute eyesight. (SInv)
Armour fits poorly on your strangely shaped body.
Your system is resistant to poisons. (rPois)
You cover ground very slowly.
You have a slow metabolism.
You can spit poison.
You have a pair of small antennae on your head.
You are dopey. (Int -2)
Your muscles are strong. (Str +2)


Message History

Unknown command.
Okay, then.
You aren't carrying any items that you can evoke.
Unknown command.
Okay, then.
Okay, then.
You barely miss Crazy Yiuf.
Crazy Yiuf is heavily wounded.
Crazy Yiuf barely misses you.
You hit Crazy Yiuf.
Crazy Yiuf is heavily wounded.
Crazy Yiuf hits you with a +4 quarterstaff of chaos!
* * * LOW HITPOINT WARNING * * *
Crazy Yiuf freezes you.
* * * LOW HITPOINT WARNING * * *
Unknown command.
You have got your breath back.
Crazy Yiuf says, "Crazy?
Crazy!?
PORCUPINE!"
Crazy Yiuf hits you with a +4 quarterstaff of chaos!
You die...

#####.......
...##...(.. ...##....#
.........# .........#
.........##♣♣ ###
......[.)#))♣♣ ♣♣#..)#
..........)))♣♣♣♣g'...#
........).))).♣.@♣#...#
.........#)♣.♣.♣♣♣ ###
####.#...##♣♣♣♣♣ .
.......# ####..##.#
#..##... #........
##.###...


You could see Crazy Yiuf.

Vanquished Creatures
  An orc wizard (D:2)
  Terence (D:2)
  An adder (D:2)
  An ooze (D:1)
  A leopard gecko (D:3)
  2 orcs (D:1)
  A ball python (D:1)
  3 giant cockroaches
  4 goblins
  6 hobgoblins
  4 jackals (D:1)
  6 bats
  2 frilled lizards
  4 kobolds
  3 rats
40 creatures vanquished.

Notes
Turn   | Place    | Note
-------+----------+-------------------------------------------
     0 | D:1      | MajorAdolf the Naga Wanderer began the quest for the Orb.
     0 | D:1      | MajorAdolf set off with the following items: a +2 hand
                  | crossbow, 23 bolts, 2 potions of lignification, a +0 robe,
                  | a ration
     0 | D:1      | Reached XP level 1. HP: 22/22 MP: 1/1
   227 | D:1      | Reached skill level 1 in Armour
   227 | D:1      | Reached XP level 2. HP: 8/30 MP: 2/2
  1571 | D:1      | Gained mutation: You have a pair of small antennae on your
                  | head. [potion of mutation]
  1571 | D:1      | Gained mutation: You are dopey. (Int -2) [potion of
                  | mutation]
  1571 | D:1      | Gained mutation: Your muscles are strong. (Str +2) [potion
                  | of mutation]
  1575 | D:1      | Reached XP level 3. HP: 6/36 MP: 3/3
  2262 | D:2      | Noticed Terence
  2273 | D:2      | Killed Terence
  2273 | D:2      | Reached XP level 4. HP: 30/44 MP: 4/4
  2548 | D:2      | Reached skill level 1 in Axes
  3078 | D:3      | Found a runed translucent door.
  3079 | D:3      | Noticed Crazy Yiuf
  3086 | D:3      | Slain by Crazy Yiuf

Levels and vault maps discovered:
D:1:      minmay_arrival_four_circles, layout_basic
D:2:      layout_rooms, serial_aquarium, aquarium_bridge_square
          [aquarium_subvault_wall, aquarium_subvault_bridge,
          aquarium_subvault_bridge, aquarium_subvault_balcony],
          aquarium_window_fake, aquarium_window_fake, aquarium_view_2c,
          first_ration, uniq_terence
D:3:      layout_basic, minmay_misc_feat_encased, uniq_sigmund, uniq_jessica,
          uniq_crazy_yiuf_cottage, uniq_ijyb

Skill      XL: |  1  2  3  4 |
---------------+-------------+-----
Armour         | 1 2 3 |  3.0
Axes           | 1 |  1.7
Fighting       | |  4.0
Crossbows      | |  2.6
Throwing       | |  1.0
Dodging        | |  1.0
Evocations     | |  1.0

Action                   |  1- 3 |  4- 6 || total
-------------------------+-------+-------++-------
Melee: Unarmed           |    92 |       ||    92
       Falchion          |    12 |     6 ||    18
       Hand axe          |       |    30 ||    30
 Abil: Spit Poison       |    20 |     6 ||    26
  Use: Potion            |     4 |       ||     4
       Scroll            |     3 |       ||     3
  Eat: Chunk             |     4 |     1 ||     5
Armor: Robe              |    28 |    12 ||    40
       Skin              |    51 |       ||    51
       Chain mail        |       |    19 ||    19
       Scale mail        |       |     3 ||     3
Dodge: Dodged            |    79 |    22 ||   101
       Rpst.: Falchion   |     1 |     3 ||     4
